 Dungeon Crawl Stone Soup version 0.22.1-2-g9c5b331 (webtiles) character file.

77 warborn304 the Cudgeler (level 4, 0/35 HPs)
             Began as a Human Chaos Knight on Dec 7, 2018.
             Slain by an orc
             ... wielding a +0 whip
              (2 damage)
             ... on level 3 of the Dungeon.
             The game lasted 00:06:06 (2609 turns).

warborn304 the Cudgeler (Human Chaos Knight)        Turns: 2609, Time: 00:06:06

Health: 0/35       AC:  5    Str: 13    XL:     4   Next: 60%
Magic:  4/4        EV: 12    Int: 13    God:    Xom [......]
Gold:   100        SH:  0    Dex: 12    Spells: 3/3 levels left

rFire    . . .     SeeInvis .   a - +0 mace (chaos)
rCold    . . .     Gourm    .   (no shield)
rNeg     . . .     Faith    .   b - +2 leather armour
rPois    .         Spirit   .   (no helmet)
rElec    .         Reflect  .   (no cloak)
rCorr    .         Harm     .   (no gloves)
MR       .....                  (no boots)
Stlth    +.........             (no amulet)
HPRegen  0.11/turn              (no ring)
MPRegen  0.09/turn              (no ring)

@: no status effects
A: no striking features
a: Renounce Religion


You were on level 3 of the Dungeon.
You worshipped Xom.
You were a very special plaything of Xom.
You were not hungry.

You visited 1 branch of the dungeon, and saw 3 of its levels.

You collected 100 gold pieces.

Inventory:

Hand Weapons
 a - a +0 mace of chaos (weapon)
Armour
 b - a +2 leather armour (worn)
 e - a +0 ring mail
Wands
 i - a wand of random effects (29)
Scrolls
 d - 2 scrolls of identify
 f - a scroll of remove curse
 h - a scroll of amnesia {unknown}
 j - a scroll of fog {unknown}
 l - a scroll of noise {unknown}
 n - a scroll of enchant armour {unknown}
 p - a scroll of enchant weapon {unknown}
 r - 2 scrolls of magic mapping {unknown}
 t - a scroll of teleportation {unknown}
Potions
 g - 2 potions of ambrosia {unknown}
 k - 2 potions of flight {unknown}
 m - a potion of mutation {unknown}
 o - a potion of degeneration {unknown}
 q - a potion of invisibility {unknown}
 s - a potion of resistance {unknown}
Comestibles
 c - 2 rations


   Skills:
 + Level 3.5 Fighting
 + Level 3.9 Maces & Flails
 + Level 2.5 Armour
 + Level 1.8 Dodging
 + Level 0.4 Stealth


You had 3 spell levels left.
You didn't know any spells.
Your spell library was empty.

Dungeon Overview and Level Annotations

Branches:
Dungeon (3/15)

Altars:
Ashenzari
Gozag
Qazlal
Vehumet
Xom
The Shining One


Message History

You see here a tomahawk.
The helpless hobgoblin fails to defend itself.
You sock the hobgoblin!
The hobgoblin is poisoned.
The hobgoblin is severely wounded.
The orc barely misses you.
The helpless hobgoblin fails to defend itself.
You hit the hobgoblin.
You kill the hobgoblin!
The orc closely misses you. The orc barely misses you.
You see here a club.
The orc hits you but does no damage.
The orc throws a tomahawk.
The tomahawk closely misses you. The orc hits you with a whip.
* * * LOW HITPOINT WARNING * * *
The orc hits you with a whip.
* * * LOW HITPOINT WARNING * * *
Xom is mildly amused.
The orc hits you with a whip.
You die...

#####†#####.#†######
#.......# #.#.#.....
#....(..# # #.#.....
#.......# #.#####.
#.......# #.......
#.......# #####...
#....(..# .......
#######(###########...
#....@.)....... #.#...
#.....o..###### #...##
#........# #.#...#
#........# ####.#...##
#.....................
...................#.###
###.............[......#
♣P.P♣......(......#.#.#
♣♣≈♣♣.....#########.#.#


You could see an orc.

Vanquished Creatures
  2 adders (D:3)
  An ooze (D:1)
  A worm (D:2)
  2 dart slugs
  2 leopard geckos
  2 orcs (D:3)
  10 goblins
  5 hobgoblins
  7 kobolds
  A ball python (D:1)
  4 bats
  4 frilled lizards
  4 rats (D:1)
45 creatures vanquished.

Vanquished Creatures (others)
  An orc (D:3)
  A rat (D:3)
2 creatures vanquished.

Grand Total: 47 creatures vanquished

Notes
Turn   | Place    | Note
-------+----------+-------------------------------------------
     0 | D:1      | warborn304 the Human Chaos Knight began the quest for the
                  | Orb.
     0 | D:1      | Reached XP level 1. HP: 18/18 MP: 1/1
   109 | D:1      | Reached XP level 2. HP: 24/24 MP: 2/2
   631 | D:1      | XOM: harmless Conj miscast
   724 | D:1      | XOM: harmless Chrm miscast
   726 | D:1      | Reached XP level 3. HP: 15/29 MP: 3/3
  1089 | D:2      | Found an opulent altar of Gozag.
  1412 | D:2      | Found a shimmering altar of Xom.
  1476 | D:2      | Found a glowing golden altar of the Shining One.
  1545 | D:2      | XOM: silly message
  1718 | D:2      | Found a radiant altar of Vehumet.
  1765 | D:2      | Found a stormy altar of Qazlal.
  1869 | D:2      | Found a shattered altar of Ashenzari.
  1954 | D:3      | Reached XP level 4. HP: 6/35 MP: 4/4
  2123 | D:3      | XOM: harmless Hex miscast
  2591 | D:3      | XOM: enchant monster (good)
  2609 | D:3      | Slain by an orc

Action                   |  1- 3 |  4- 6 || total
-------------------------+-------+-------++-------
Melee: Mace              |   124 |    40 ||   164
  Use: Scroll            |     2 |       ||     2
 Stab: Paralysed         |     3 |     1 ||     4
       Petrified         |       |     2 ||     2
  Eat: Chunk             |     2 |       ||     2
       Ration            |     1 |       ||     1
Armor: Leather armour    |    55 |    20 ||    75
Dodge: Dodged            |   108 |    46 ||   154
